 Dungeon Crawl Stone Soup version 0.21.0-3-g78d12a8 (webtiles) character file.

105762 MTVSty1e the Severer (level 15, -9/139 HPs)
             Began as a Red Draconian Berserker on Jan 10, 2018.
             Was the Champion of Trog.
             Shot with an arrow by Nessos (20 damage)
             ... on level 15 of the Dungeon.
             The game lasted 01:28:13 (27100 turns).

MTVSty1e the Severer (Red Draconian Berserker)     Turns: 27100, Time: 01:28:15

Health: -9/139     AC: 18    Str: 26    XL:     15   Next: 95%
Magic:  22/22      EV: 14    Int:  8    God:    Trog [******]
Gold:   1580       SH:  8    Dex: 10    Spells: 14/14 levels left

rFire    + . .     SeeInvis +   G - +5 broad axe (freeze)
rCold    . . .     Gourm    .   R - +0 shield
rNeg     + . .     Faith    .   (armour unavailable)
rPois    .         Spirit   .   a - +2 hat "Foliuwem" {*Slow rN+ rCorr}
rElec    .         Reflect  .   i - +2 cloak
rCorr    +         Harm     .   B - +1 pair of gloves
MR       ++...                  Q - +1 pair of boots
Stlth    +.........             y - amulet of regeneration
HPRegen  0.73/turn              P - ring of see invisible
MPRegen  0.18/turn              p - ring of protection from magic

@: lethally poisoned (-9 -> -12), slowed, very slow
A: breathe fire, unfitting armour, fire resistance 1, cold-blooded, AC +9
a: Breathe Fire, Berserk, Trog's Hand, Brothers in Arms, Burn Spellbooks,
Renounce Religion


You were on level 15 of the Dungeon.
You worshipped Trog.
Trog was exalted by your worship.
You were very hungry.

You visited 3 branches of the dungeon, and saw 23 of its levels.
You also visited: Volcano.

You collected 2448 gold pieces.
You spent 868 gold pieces at shops.

Inventory:

Hand Weapons
 d - a +4 executioner's axe of chopping
 f - a +3 scimitar of flaming
 t - a +2 battleaxe of chopping
 C - the +9 battleaxe "Dallava" {venom, rElec rPois Stlth-}
   (Trog gifted it to you on level 9 of the Dungeon)

   It poisons the flesh of those it strikes.
   It insulates you from electricity.
   It protects you from poison.
   It makes you less stealthy.
 G - a +5 broad axe of freezing (weapon)
 M - a +4 battleaxe of draining
 V - a +2 antimagic broad axe
Armour
 a - the +2 hat "Foliuwem" (worn) {*Slow rN+ rCorr}
   (You found it on level 1 of the Lair of Beasts)

   It protects you from negative energy.
   It protects you from acid and corrosion.
   It may slow you when you take damage.
 i - a +2 cloak (worn)
 B - a +1 pair of gloves (worn)
 H - the +3 hat of Pondering {ponderous, MR+ MP+10 Int+5}
   (You took it off Gastronok on level 1 of the Orcish Mines)

   It affects your intelligence (+5).
   It affects your resistance to hostile enchantments.
   It affects your magic capacity (+10).
 Q - a +1 pair of boots (worn)
 R - a +0 shield (worn)
Jewellery
 c - an uncursed ring of resist corrosion
 p - a ring of protection from magic (right hand)
 s - an uncursed ring of positive energy
 y - an amulet of regeneration (around neck)
 D - an uncursed ring of magical power
 L - an uncursed ring of protection from magic
 N - an uncursed ring of flight
 P - a ring of see invisible (left hand)
Wands
 e - a wand of paralysis (22)
 o - a wand of iceblast (20)
 w - a wand of digging (6)
 x - a wand of flame (50)
 I - a wand of acid (15)
 J - a wand of polymorph (20)
Scrolls
 k - 5 scrolls of teleportation
 q - 2 scrolls of enchant armour
 r - a scroll of summoning
 u - a scroll of blinking
 E - 3 scrolls of fear
 K - 3 scrolls of fog
 U - a scroll of identify
Potions
 g - 3 potions of ambrosia
 h - 2 potions of cancellation
 j - 5 potions of flight
 l - 7 potions of curing
 m - 2 potions of berserk rage
 n - a potion of lignification
 v - a potion of invisibility
 z - 2 potions of brilliance
 A - a potion of mutation
 F - 2 potions of haste
 O - 2 potions of might
 S - a potion of agility
 T - 2 potions of heal wounds
Comestibles
 b - 15 rations


   Skills:
 + Level 14.8 Fighting
 * Level 18.8 Axes
 + Level 11.8 Dodging
 - Level 10.5 Evocations


You had 14 spell levels left.
You didn't know any spells.

Dungeon Overview and Level Annotations

Branches:
Dungeon (15/15)            Temple (0/1) D:6            Lair (6/6) D:10
  Swamp (0/4) Lair:4       Spider (0/4) Lair:2        Slime (0/5) Lair:5
    Orc (2/2) D:9             Elf (0/3) Orc:2        Vaults (0/5) D:14
 Depths (0/5) D:15

Altars:
Ashenzari
Hepliaklqana
Nemelex Xobeh
Uskayaw
Vehumet
Wu Jian
Yredelemnul

Shops:
D:5 [   D:9 :[(   Orc:1 [*   Orc:2 *:?=

Annotations:
D:15 Nessos


Innate Abilities, Weirdness & Mutations

You can breathe blasts of fire.
Your fiery red scales are hard. (AC +9)
You cannot fit into any form of body armour.
Your flesh is heat resistant. (rF+)
You are cold-blooded and may be slowed by cold attacks.


Message History

* * * LOW HITPOINT WARNING * * *
The arrow burns you.
You are poisoned.
* * * LOW HITPOINT WARNING * * *
Nessos shoots an arrow.
You block the arrow.
Nessos shoots an arrow.
You block the arrow.
As you read the scroll of fog, it crumbles to dust.
The scroll dissolves into smoke.
You feel sick.
Nessos zaps a wand.
The bolt of acid misses you.
Nessos shoots an arrow.
You block the arrow.
Nessos blinks!
You feel sick.
Nessos shoots an arrow.
You block the arrow.
You see here an arrow.
You feel better.
Nessos shoots an arrow.
The arrow hits you!!
* * * LOW HITPOINT WARNING * * *
The arrow burns you.
You are poisoned.
* * * LOW HITPOINT WARNING * * *
Nessos shoots an arrow.
The arrow closely misses you.
Nessos shoots an arrow.
The arrow hits you!!
You die...

#.# ##.#....#..#..#.# #.#
##......#....#.#.# ##.#
##.###.##.....#....# # ...#
###.## #..........#..# #
.#######...# #..#####.###..#
# ...........## ##...# #.#
#..# #
.###.###.##.###..#.###.###..#
# .#
#.###.###...§#...##.##...# #
.# #.)...# ##(.§@#÷#......#.#
# .# #####.#
#.(§§§..c.......# # )# #.#
#..§§#.#...##.#.# # .# #.#
##.§.#...#..##.#.# # (# #.#
#.)..............# (#
#.###............###[##### (#
#...........#.###.##...... .#
#.###.#..##.#.# #.##.....# (#
#.....#..##.#.###....#....


You could see Nessos.

Vanquished Creatures
  Rupert (D:15)
  Gastronok (Orc:1)
  Kirke (D:15)
  Louise (D:15)
  An orc warlord (Orc:2)
  A red draconian (Volcano)
  A yaktaur captain (D:14)
  Harold (Orc:2)
  10 hydras
  The ghost of MTVSty1e the Cleaver, a journeyman FoFi of Okawaru (D:10)
  A centaur warrior (D:15)
  An ogre mage (Volcano)
  A death knight (D:15)
  An anaconda (Lair:4)
  Erica (Lair:1)
  The ghost of alkexr the Basher, a novice OgFi of Wu Jian (D:9)
  A catoblepas (Lair:6)
  9 two-headed ogres
  5 death yaks
  A deep troll shaman (Lair:6)
  An orc high priest (Orc:2)
  A queen ant (Lair:2)
  A vampire mage (D:15)
  Nergalle (D:10)
  Sonja (Lair:1)
  2 unseen horrors
  8 skeletal warriors (D:15)
  A golden dragon zombie (D:15)
  A lindwurm (Lair:6)
  A necromancer (D:15)
  An orb spider (Lair:2)
  17 ugly things
  2 deep elf magi
  An orc knight (Orc:1)
  6 orc sorcerers
  An oklob plant (Lair:1)
  A manticore (D:14)
  9 elephants
  5 cyclopes
  Joseph (D:8)
  A black mamba (Lair:4)
  2 molten gargoyles (Lair:5)
  8 spiny frogs
  An efreet (D:11)
  3 yaktaurs (D:14)
  6 komodo dragons
  A yaktaur skeleton (D:15)
  2 freezing wraiths (D:15)
  A spriggan skeleton (D:15)
  A tengu conjurer (D:15)
  7 trolls
  6 meliai
  A queen bee (D:12)
  2 polar bears
  A hornet (Lair:3)
  A tyrant leech (Lair:4)
  9 dream sheep
  A meliai zombie (D:14)
  8 blink frogs
  6 hippogriffs
  A centaur simulacrum (D:12)
  A deep troll zombie (D:15)
  A spriggan (D:9)
  A water elemental (D:12)
  A vampire (D:10)
  A shadow (D:12)
  3 wyverns
  2 wraiths
  45 yaks
  4 fire bats (Volcano)
  A basilisk (shapeshifter) (D:13)
  3 hogs (D:15)
  Grum (D:8)
  A human (shapeshifter) (D:13)
  A hungry ghost (D:12)
  13 vampire mosquitoes
  A steam dragon (D:12)
  2 basilisks
  An acid dragon (D:15)
  3 wargs
  6 soldier ants (Lair:2)
  18 water moccasins
  7 porcupines
  29 orc warriors
  8 ice beasts
  2 black bears
  5 necrophages
  3 eyes of draining
  3 ogres
  14 wolves
  6 centaurs
  10 crocodiles
  2 big kobolds
  25 bullfrogs
  2 wyvern zombies
  2 gnoll sergeants (D:9)
  4 scorpions
  25 killer bees
  A troll skeleton (D:10)
  3 wights (D:12)
  2 electric eels
  4 howler monkeys
  8 crimson imps
  10 lava snakes
  5 bullfrog zombies
  8 jellies
  2 quasits
  6 centaur zombies
  21 orc priests
  A bullfrog skeleton (D:12)
  18 hounds
  45 orc wizards
  10 centaur skeletons
  4 iguanas
  34 worker ants
  2 hound zombies
  A hound skeleton (D:10)
  A worker ant zombie (D:7)
  5 adders
  A howler monkey skeleton (D:5)
  12 gnolls
  4 shadow imps
  4 oozes
  3 adder skeletons
  An adder zombie (D:9)
  5 worms
  2 dart slugs
  8 leopard geckos
  104 orcs
  A ball python (D:2)
  10 bats
  7 giant cockroaches
  10 goblins
  5 hobgoblins
  10 jackals
  9 kobolds
  7 quokkas
  8 frilled lizards
  A giant cockroach zombie (D:5)
  A leopard gecko skeleton (D:5)
  A quokka skeleton (D:8)
  8 rats
  A fungus (Lair:5)
  5 plants
848 creatures vanquished.

Vanquished Creatures (collateral kills)
  A bullfrog (D:9)
1 creature vanquished.

Vanquished Creatures (others)
  A spiny frog (Lair:5)
  3 humans (D:15)
  A yak (Lair:5)
  An orc wizard (Orc:1)
  11 fungi
  7 plants
  12 withered plants (D:15)
36 creatures vanquished.

Grand Total: 885 creatures vanquished

Notes
Turn   | Place    | Note
-------+----------+-------------------------------------------
     0 | D:1      | MTVSty1e the Draconian Berserker began the quest for the Orb.
     0 | D:1      | Reached XP level 1. HP: 19/19 MP: 1/1
   279 | D:1      | Reached XP level 2. HP: 26/26 MP: 2/2
   968 | D:2      | Reached skill level 4 in Axes
   973 | D:2      | Reached XP level 3. HP: 29/31 MP: 3/3
  1220 | D:2      | Found a sparkling altar of Nemelex Xobeh.
  1231 | D:2      | Reached ** piety under Trog
  1399 | D:2      | Reached XP level 4. HP: 38/38 MP: 4/4
  1542 | D:2      | Reached skill level 5 in Axes
  1762 | D:3      | Reached XP level 5. HP: 36/45 MP: 5/5
  2147 | D:3      | Found a hide-covered altar of Uskayaw.
  2318 | D:4      | Reached skill level 6 in Axes
  2447 | D:4      | Found a hazy altar of Hepliaklqana.
  2545 | D:4      | Reached *** piety under Trog
  2696 | D:4      | Noticed an ogre
  2707 | D:4      | Killed an ogre
  2707 | D:4      | Reached skill level 7 in Axes
  2707 | D:4      | Reached XP level 6. HP: 24/51 MP: 6/6
  3228 | D:5      | Entered Level 5 of the Dungeon
  3314 | D:5      | Noticed an ice beast
  3326 | D:5      | Killed an ice beast
  3326 | D:5      | Reached skill level 8 in Axes
  3326 | D:5      | Your scales start taking on a fiery red colour.
  3326 | D:5      | Reached XP level 7. HP: 47/57 MP: 7/7
  3326 | D:5      | Gained mutation: Your flesh is heat resistant. (rF+) [Red Draconian growth]
  3870 | D:5      | Found Borit's Antique Armour Shoppe.
  4247 | D:6      | Reached skill level 5 in Fighting
  4319 | D:6      | Found a basalt altar of Yredelemnul.
  4373 | D:6      | Reached **** piety under Trog
  4400 | D:6      | Reached skill level 9 in Axes
  4421 | D:6      | Reached XP level 8. HP: 54/68 MP: 8/8
  4579 | D:6      | Found a staircase to the Ecumenical Temple.
  4682 | D:6      | Gained mutation: You are weak. (Str -2) [potion of mutation]
  4682 | D:6      | Lost mutation: You are weak. (Str -2) [potion of mutation]
  5099 | D:7      | Reached skill level 10 in Axes
  5340 | D:7      | Reached skill level 1 in Evocations
  5345 | D:7      | Reached XP level 9. HP: 44/78 MP: 9/9
  5583 | D:7      | Reached ***** piety under Trog
  6035 | D:8      | Noticed Grum
  6042 | D:8      | Killed Grum
  6840 | D:8      | Reached skill level 11 in Axes
  6942 | D:8      | Noticed Joseph
  6946 | D:8      | Killed Joseph
  7685 | D:8      | Reached XP level 10. HP: 67/89 MP: 12/12
  7798 | D:9      | Found a staircase to the Orcish Mines.
  7798 | D:9      | Found Liecvefi's Armour Emporium.
  7798 | D:9      | Found Puste's Weapon Emporium.
  7972 | D:9      | Noticed alkexr's ghost (novice OgFi)
  8176 | D:9      | Killed alkexr's ghost
  8204 | D:9      | Reached skill level 5 in Dodging
  8458 | D:9      | Bought a +0 pair of boots for 49 gold pieces
  8596 | D:9      | Reached skill level 12 in Axes
  9182 | D:9      | Reached skill level 5 in Evocations
  9185 | D:9      | Received a gift from Trog
  9356 | D:9      | Noticed a two-headed ogre
  9365 | D:9      | Killed a two-headed ogre
  9454 | D:9      | Found Sarisoid's Book Emporium.
  9536 | D:10     | Entered Level 10 of the Dungeon
  9536 | D:10     | Noticed a two-headed ogre
  9546 | D:10     | Killed a two-headed ogre
  9574 | D:10     | Found a staircase to the Lair.
  9576 | D:10     | Reached XP level 11. HP: 96/96 MP: 15/15
  9747 | D:10     | Noticed MTVSty1e's ghost (journeyman FoFi)
 10183 | D:10     | Noticed Nergalle
 10201 | D:10     | Killed Nergalle
 10657 | D:11     | Reached skill level 10 in Fighting
 10657 | D:11     | Reached skill level 13 in Axes
 10836 | D:11     | Noticed a brown ugly thing
 10845 | D:11     | Killed a brown ugly thing
 10944 | D:11     | Noticed a red ugly thing
 10953 | D:11     | Killed a red ugly thing
 11017 | D:11     | Noticed a purple ugly thing
 11035 | D:11     | Killed a purple ugly thing
 11750 | D:12     | Received a gift from Trog
 11987 | D:12     | Noticed a deep elf mage
 11996 | D:12     | Killed a deep elf mage
 12002 | D:12     | Noticed a brown ugly thing
 12015 | D:12     | Killed a brown ugly thing
 12017 | D:12     | Reached XP level 12. HP: 60/107 MP: 17/17
 12481 | D:10     | Killed MTVSty1e's ghost
 12481 | D:10     | Reached skill level 14 in Axes
 12514 | Lair:1   | Entered Level 1 of the Lair of Beasts
 12516 | Lair:1   | Noticed a seven-headed hydra
 12526 | Lair:1   | Killed a two-headed hydra
 12567 | Lair:1   | Noticed a five-headed hydra
 12582 | Lair:1   | Killed a two-headed hydra
 12880 | Lair:1   | Noticed Erica
 12890 | Lair:1   | Killed Erica
 13115 | Lair:1   | Got an ancient hat
 13116 | Lair:1   | Identified the +2 hat "Foliuwem" {*Slow rN+ rCorr} (You found it on level 1 of the Lair of Beasts)
 13187 | Lair:1   | Noticed Sonja
 13202 | Lair:1   | Killed Sonja
 13406 | Lair:1   | Received a gift from Trog
 13880 | Lair:2   | Found a hole to the Spider Nest.
 14348 | Lair:2   | Noticed a queen ant
 14361 | Lair:2   | Killed a queen ant
 14887 | Lair:3   | Noticed a four-headed hydra
 14896 | Lair:3   | Killed a one-headed hydra
 14896 | Lair:3   | Reached skill level 15 in Axes
 15000 | Lair:3   | Found a shattered altar of Ashenzari.
 15023 | Lair:3   | Noticed a seven-headed hydra
 15027 | Lair:3   | Reached XP level 13. HP: 117/117 MP: 19/19
 15069 | Lair:3   | Received a gift from Trog
 16212 | Lair:4   | Found a staircase to the Swamp.
 16446 | Lair:4   | Found a dark tunnel.
 16453 | Volcano  | Entered a volcano
 16472 | Volcano  | Received a gift from Trog
 16585 | Volcano  | Noticed a red draconian
 16596 | Volcano  | Killed a red draconian
 16596 | Volcano  | Reached skill level 16 in Axes
 16616 | Volcano  | Found a radiant altar of Vehumet.
 16642 | Volcano  | Found a bloodstained altar of Trog.
 17530 | Lair:5   | Reached XP level 14. HP: 39/127 MP: 21/21
 17534 | Lair:5   | Reached skill level 10 in Evocations
 18210 | Lair:5   | Found a staircase to the Slime Pits.
 18562 | Lair:6   | Entered Level 6 of the Lair of Beasts
 18823 | Lair:6   | Received a gift from Trog
 19206 | D:9      | Got a bloodstained battleaxe {god gift}
 19716 | Lair:6   | Reached skill level 10 in Dodging
 20563 | Orc:1    | Entered Level 1 of the Orcish Mines
 20667 | Orc:1    | Found Bikoatyo's Assorted Antiques.
 20710 | Orc:1    | Bought a scroll of blinking for 270 gold pieces
 20730 | Orc:1    | Found a radiant altar of Vehumet.
 20768 | Orc:1    | Bought a scroll of identify for 72 gold pieces
 20768 | Orc:1    | Identified the +9 battleaxe "Dallava" {venom, rElec rPois Stlth-} (Trog gifted it to you on level 9 of the Dungeon)
 20831 | Orc:1    | Noticed Gastronok
 20837 | Orc:1    | Reached ****** piety under Trog
 20851 | Orc:1    | Killed Gastronok
 20851 | Orc:1    | Reached skill level 17 in Axes
 20936 | Orc:2    | Entered Level 2 of the Orcish Mines
 21083 | Orc:2    | Found a staircase to the Elven Halls.
 21170 | Orc:2    | Received a gift from Trog
 21776 | Orc:2    | Found Amihuuc's Magic Scroll Emporium.
 21776 | Orc:2    | Found Mutza's Jewellery Emporium.
 21776 | Orc:2    | Found Fizoc's Book Shoppe.
 21781 | Orc:2    | Found Baurat's General Store.
 21787 | Orc:2    | Bought a scroll of identify for 24 gold pieces
 21796 | Orc:2    | Bought a potion of might for 48 gold pieces
 21798 | Orc:2    | Bought an uncursed ring of see invisible for 165 gold pieces
 22330 | Orc:1    | Noticed an orc warlord
 22331 | Orc:1    | Noticed Harold
 22482 | Orc:2    | Killed Harold
 22530 | Orc:2    | Killed an orc warlord
 22595 | Orc:1    | Received a gift from Trog
 22675 | Orc:1    | Found Geuch's Antique Armour Emporium.
 22788 | Orc:1    | Bought a pair of embroidered boots for 240 gold pieces
 23059 | D:12     | Found an ornate altar of the Wu Jian Council.
 23074 | D:12     | Reached XP level 15. HP: 137/137 MP: 22/22
 24768 | D:14     | Received a gift from Trog
 24817 | D:14     | Found a gate to the Vaults.
 25334 | D:14     | Reached skill level 18 in Axes
 25834 | D:15     | Entered Level 15 of the Dungeon
 26444 | D:15     | Noticed Louise
 26456 | D:15     | Killed Louise
 26465 | D:15     | Noticed Kirke
 26481 | D:15     | Killed Kirke
 26690 | D:15     | Noticed Rupert
 26700 | D:15     | Killed Rupert
 26770 | D:15     | Received a gift from Trog
 26984 | D:15     | Found a staircase to the Depths.
 27092 | D:15     | Noticed Nessos
 27100 | D:15     | Shot with an arrow by Nessos

Skill      XL: |  1  2  3  4  5  6  7  8  9 10 11 12 13 14 15 |
---------------+----------------------------------------------+-----
Axes           | 4 5 7 8 9 10 11 12 13 15 16 17 18 | 18.8
Fighting       | 5 7 8 9 10 11 12 13 14 | 14.8
Evocations     | 1 3 5 7 8 9 10 | 10.5
Dodging        | 3 4 5 7 8 9 10 11 | 11.8

Action                   |  1- 3 |  4- 6 |  7- 9 | 10-12 | 13-15 || total
-------------------------+-------+-------+-------+-------+-------++-------
Melee: Hand axe          |   122 |   176 |    37 |       |       ||   335
       Tailslap          |     7 |    16 |    47 |   122 |   183 ||   375
       War axe           |       |       |   321 |   449 |       ||   770
       Battleaxe         |       |       |       |   177 |    30 ||   207
       Executioner's axe |       |       |       |   107 |   332 ||   439
       Scimitar          |       |       |       |    18 |    43 ||    61
       Broad axe         |       |       |       |       |   848 ||   848
Invok: Berserk           |       |     2 |     1 |    15 |    15 ||    33
       Burn Spellbooks   |       |       |     1 |     2 |     4 ||     7
       Trog's Hand       |       |       |     1 |     5 |    10 ||    16
 Abil: Breathe Fire      |       |       |     8 |    27 |     7 ||    42
Evoke: Wand              |       |       |       |       |     4 ||     4
  Use: Scroll            |     3 |     5 |    12 |     8 |    19 ||    47
       Potion            |       |     1 |     2 |     4 |     6 ||    13
 Stab: Sleeping          |       |       |       |     2 |     1 ||     3
       Petrified         |       |       |       |       |     4 ||     4
       Petrifying        |       |       |       |       |     1 ||     1
  Eat: Ration            |     1 |     2 |     4 |    10 |    12 ||    29
       Chunk             |     1 |       |     2 |    12 |    17 ||    32
Armor: Skin              |    45 |    62 |   138 |   303 |   520 ||  1068
Dodge: Dodged            |    90 |   117 |   249 |   499 |   919 ||  1874
Block: Buckler           |       |       |    37 |    47 |    38 ||   122
       Shield            |       |       |       |       |   205 ||   205
       Rpst.: Scimitar   |       |       |       |       |    12 ||    12
